 Dungeon Crawl Stone Soup version 0.25-a0-166-g16436c4407 (webtiles) character file.

Game seed: 14897797388163825284, levelgen mode: deterministic

203 RedPan the Chiller (level 5, -7/38 HPs)
             Began as a Draconian Ice Elementalist on Nov 23, 2019.
             Was an Initiate of Sif Muna.
             Hit by a boomerang thrown by an orc warrior (20 damage)
             ... on level 3 of the Dungeon.
             The game lasted 00:07:24 (2935 turns).

RedPan the Chiller (Draconian Ice Elementalist)     Turns: 2935, Time: 00:07:24

Health: -7/38      AC:  5    Str: 16    XL:     5   Next: 51%
Magic:  2/10       EV: 27    Int: 16    God:    Sif Muna [......]
Gold:   113        SH:  0    Dex: 12    Spells: 6/11 levels left

rFire    . . .     SeeInvis .   i - +2 spear (venom)
rCold    . . .     Gourm    .   (no shield)
rNeg     . . .     Faith    .   (armour unavailable)
rPois    .         Spirit   .   (helmet restricted)
rElec    .         Reflect  .   n - scarf {cloud immunity}
rCorr    .         Harm     .   (no gloves)
MR       .....                  (no boots)
Stlth    ++........             m - amulet of the acrobat
HPRegen  0.12/turn              k - ring of flight
MPRegen  0.12/turn              a - +6 ring of strength

@: acrobat, very slightly contaminated, lightly drained
A: unfitting armour, cold-blooded, AC +5
a: Renounce Religion, Evoke Flight


You were on level 3 of the Dungeon.
You worshipped Sif Muna.
Sif Muna was noncommittal.
You were hungry.

You visited 1 branch of the dungeon, and saw 3 of its levels.

You collected 113 gold pieces.

Inventory:

Hand Weapons
 d - a +0 dagger
 i - a +2 spear of venom (weapon)
Armour
 n - a scarf of cloud immunity (worn)
Jewellery
 a - a +6 ring of strength (right hand)
 k - a ring of flight (left hand)
 m - an amulet of the acrobat (around neck)
Scrolls
 c - 2 scrolls of identify
 e - a scroll of remove curse
 g - a scroll of enchant armour
Potions
 h - a potion of curing
Comestibles
 b - 8 rations
 j - 8 chunks of flesh


   Skills:
 - Level 2.0(1.6) Dodging
 - Level 2.0(1.6) Stealth
 + Level 3.6(3.2) Spellcasting
   Level 1.0(0.6) Conjurations
 + Level 1.9(1.5) Summonings
 + Level 4.5(4.2) Ice Magic


You had 6 spell levels left.
You knew the following spells:

 Your Spells              Type           Power        Failure   Level  Hunger
a - Freeze                Ice            ###.         3%          1    None
b - Summon Ice Beast      Ice/Summ       ##......     50%         4    ####...

Your spell library contained the following spells:

 Spells                   Type           Power        Failure   Level  Hunger
 Throw Frost              Conj/Ice       ##....       10%         2    ##.....
 Ozocubu's Armour         Chrm/Ice       #.......     22%         3    ###....
 Throw Icicle             Conj/Ice       ##......     54%         4    ####...


Dungeon Overview and Level Annotations

Branches:
Dungeon (3/15)

Altars:
Fedhas
Qazlal
Sif Muna
Yredelemnul
The Shining One

Annotations:
D:2 exclusion: oklob plant


Innate Abilities, Weirdness & Mutations

Your plain brown scales are hard. (AC +5)
You cannot fit into any form of body armour.
You are cold-blooded and may be slowed by cold attacks.


Message History

Sif Muna accepts your kill.
The orc warrior throws a boomerang.
The boomerang hits your ice beast!
The weapon returns to the orc warrior!
What are your orders? t - Shout!
Orders for allies: a - Attack new target. r - Retreat! s - Stop attacking. g - Guard the area. f - Follow me.
Anything else - Cancel.
Gang up on whom?
Press: ? - help, Dir - move target cursor, f - orc warrior
Aim: an orc warrior, wielding a +0 dire flail and wearing a +0 chain mail Attack!
The orc warrior throws a boomerang.
The boomerang hits your ice beast.
Your ice beast dies!
The weapon returns to the orc warrior!
The orc warrior throws a boomerang.
The boomerang misses you.
The weapon returns to the orc warrior!
The orc warrior throws a boomerang.
The boomerang hits you!!
Ouch! That really hurt!
You die...

####### #.#'###
#....<# #.....#
#.)...# #.)...#
#.....# #.....#
###### #.....#
.....#########.#@###
##...#.........#.#
#...#.#########.#
##.##.#.......#.#
###.##.#.#####.#)#
..#.##.#.#(..#.#.#
#.#o##.#...).#.#)#
#.#o##.###.###.#o#
#.#.#....รท.....#.#


You could see an orc warrior.

Vanquished Creatures
  An orc priest (D:3)
  2 orc wizards (D:3)
  3 adders (D:2)
  An ooze (D:1)
  A worm (D:2)
  2 dart slugs
  3 leopard geckos
  5 orcs (D:3)
  2 ball pythons (D:1)
  5 giant cockroaches
  10 hobgoblins
  A quokka (D:2)
  7 bats
  6 frilled lizards
  10 goblins
  7 kobolds
  6 rats
72 creatures vanquished.

Vanquished Creatures (collateral kills)
  2 orcs (D:3)
2 creatures vanquished.

Vanquished Creatures (others)
  17 toadstools (D:2)
17 creatures vanquished.

Grand Total: 91 creatures vanquished

Notes
Turn   | Place    | Note
-------+----------+-------------------------------------------
     0 | D:1      | RedPan the Draconian Ice Elementalist began the quest for
                  | the Orb.
     0 | D:1      | Reached XP level 1. HP: 14/14 MP: 3/3
   397 | D:1      | Reached XP level 2. HP: 16/20 MP: 1/5
   773 | D:1      | Reached XP level 3. HP: 13/26 MP: 0/6
  1282 | D:2      | Found a basalt altar of Yredelemnul.
  1460 | D:2      | Found a glowing golden altar of the Shining One.
  1479 | D:2      | Reached XP level 4. HP: 33/33 MP: 5/8
  1481 | D:2      | Reached skill level 4 in Ice Magic
  1487 | D:2      | Learned a level 4 spell: Summon Ice Beast
  1835 | D:2      | Found a blossoming altar of Fedhas.
  1856 | D:2      | Noticed an oklob plant
  1921 | D:2      | Found a stormy altar of Qazlal.
  1922 | D:2      | Found a shimmering blue altar of Sif Muna.
  1929 | D:2      | Became a worshipper of Sif Muna the Loreminder
  2506 | D:3      | Reached skill level 1 in Summonings
  2509 | D:3      | HP: 1/33 [something (1)]
  2515 | D:3      | Reached XP level 5. HP: 27/38 MP: 10/10
  2864 | D:3      | Noticed an orc warrior
  2935 | D:3      | Hit by a boomerang thrown by an orc warrior

Levels and vault maps discovered:
D:1:      arrival_zaba_pyramid, layout_loops_ring
D:2:      layout_loops_corners, tgw_fedhas, nicolae_overflow_crystal_walls,
          gammafunk_temple_overflow_pools, tso_metal_star
D:3:      layout_basic, first_ration, uniq_grinder

Skill      XL: |  1  2  3  4 |
---------------+-------------+-----
Stealth        | 2 |  2.0
Dodging        | 2 |  2.0
Spellcasting   | 3 |  3.6
Ice Magic      | 4 |  4.5
Summonings     | 1 |  1.9
Conjurations   | |  1.0

Action                   |  1- 3 |  4- 6 || total
-------------------------+-------+-------++-------
Melee: Unarmed           |     9 |       ||     9
       Tailslap          |     5 |     3 ||     8
       Dagger            |    26 |       ||    26
       Spear             |    11 |    82 ||    93
 Cast: Freeze            |    49 |    17 ||    66
       Summon Ice Beast  |       |     2 ||     2
  Use: Scroll            |     1 |    10 ||    11
       Potion            |       |     3 ||     3
 Stab: Sleeping          |     4 |     8 ||    12
       Distracted        |       |     1 ||     1
  Eat: Chunk             |     2 |     5 ||     7
Armor: Skin              |    28 |    19 ||    47
Dodge: Dodged            |    46 |    42 ||    88

Table legend:
 A = Non-vault XP
 B = Vault XP
 C = Vault XP percentage of total XP
 D = Non-vault monster count
 E = Vault monster count
 F = Vault count percentage of total count
                 A         B        C        D         E       F
            +---------+---------+-------+---------+---------+-------
      Total |     291 |       0 |   0.0 |      74 |       0 |   0.0
            +---------+---------+-------+---------+---------+-------
        D:1 |      57 |       0 |   0.0 |      32 |       0 |   0.0
        D:2 |      88 |       0 |   0.0 |      27 |       0 |   0.0
        D:3 |     146 |       0 |   0.0 |      15 |       0 |   0.0
            +---------+---------+-------+---------+---------+-------
